Map: Glittering Ashes LE

Players

Warthog - Winner!

  • Race: Terran Terran
  • League: Diamond
  • Spawn Location: 1:00

MaGeJiTerran

  • Race: Zerg Zerg
  • League: Diamond
  • Spawn Location: 7:00

VOD

Have the link to the VOD?

Description

Time

  • Played on: Nov. 23, 2021, 9:18 p.m.
  • Length: 12:38
Show
View Real Time Build Order
Export as new Build Order

Warthog Terran - Winner!

Build Orders: Liberator Opening, Reaper Expand 

Get SALT Encoding   

  12  0:00  SCV  
  13  0:12  SCV  
  14  0:17  Supply Depot  
  14  0:25  SCV  
  15  0:38  SCV  
  15  0:40  Barracks  
  16  0:43  Refinery  
  16  0:54  SCV  
  17  1:06  SCV  
  19  1:18  SCV  
  19  1:27  Reaper  
  19  1:30  Orbital Command  
  20  1:40  Command Center  
  20  1:50  Supply Depot  
  20  1:56  SCV  
  20  1:58  Marine  
  22  2:05  Refinery  
  22  2:08  SCV  
  23  2:17  Factory  
  23  2:20  Barracks Reactor  
  23  2:21  SCV  
  24  2:34  SCV  
  25  2:46  SCV  
  26  2:52  Orbital Command  
  26  3:03  Starport  
  26  3:04  SCV  
  26  3:05  Barracks Tech Lab  
  27  3:10  Hellion x2  
  31  3:16  SCV  
  31  3:19  SCV  
  33  3:28  SCV  
  33  3:31  SCV  
  33  3:32  Hellion x2  
  39  3:38  Supply Depot  
  39  3:40  SCV  
  40  3:44  Liberator, SCV  
  40  3:46  Supply Depot  
  44  3:53  SCV  
  45  3:56  SCV  
  45  4:00  Hellion x2  
  50  4:05  SCV  
  51  4:10  SCV  
  52  4:17  SCV  
  52  4:22  SCV  
  54  4:27  Command Center  
  54  4:29  SCV  
  54  4:30  Supply Depot  
  55  4:34  SCV  
  55  4:36  Starport Reactor  
  56  4:41  SCV  
  56  4:42  Barracks  
  56  4:43  Barracks  
  57  4:45  Engineering Bay, Factory Reactor  
  57  4:47  Engineering Bay  
  57  4:52  Stimpack, Marine  
  58  4:54  SCV x2  
  58  4:56  Refinery  
  58  4:57  Refinery  
  60  5:09  SCV  
  60  5:10  SCV  
  51  5:17  Terran Infantry Armor Level 1, Terran Infantry Weapons Level 1  
  49  5:21  Barracks  
  49  5:22  SCV  
  49  5:23  SCV  
  49  5:24  Barracks  
  49  5:25  Starport Reactor  
  48  5:30  Hellion x2  
  48  5:31  Marine x2  
  48  5:35  SCV  
  55  5:36  Marine  
  55  5:37  Marine x2  
  55  5:40  Orbital Command  
  58  5:43  SCV  
  58  5:49  Marine x2  
  61  5:50  SCV  
  61  5:51  Armory  
  62  6:00  SCV  
  62  6:01  Orbital Command  
  63  6:04  SCV  
  64  6:12  SCV  
  64  6:13  Supply Depot  
  64  6:14  Medivac x2, Marine x2  
  64  6:15  Supply Depot, Marine x3  
  64  6:16  SCV, Marine  
  76  6:24  SCV  
  77  6:28  SCV  
  77  6:29  SCV  
  79  6:33  Barracks Reactor  
  79  6:34  Barracks Reactor, Marine  
  79  6:35  Marine x2  
  79  6:37  SCV, Combat Shield  
  79  6:38  Supply Depot  
  79  6:39  Supply Depot  
  83  6:41  SCV  
  84  6:54  Marine  
  84  6:56  Marine x2  
  84  6:59  SCV x3  
  90  7:05  Marine x2  
  90  7:07  Terran Vehicle And Ship Armor Level 1  
  90  7:11  Supply Depot, SCV  
  90  7:12  Supply Depot, Marine  
  90  7:14  Marine  
  90  7:15  SCV x2  
  95  7:16  Marine  
  95  7:17  Marine x2  
  95  7:18  Medivac, Widow Mine x2  
  104  7:23  SCV, Marine x4  
  104  7:27  SCV  
  104  7:28  Terran Infantry Armor Level 2, Terran Infantry Weapons Level 2  
  110  7:35  Supply Depot  
  110  7:39  Widow Mine  
  110  7:43  SCV x2  
  111  7:45  Refinery x2  
  111  7:48  Factory  
  111  7:50  Command Center, Marine x3  
  111  7:51  Marauder, Marine x5  
  119  8:01  SCV x2  
  121  8:08  Marine x4  
  121  8:09  SCV, Marine  
  121  8:10  Marine x3  
  121  8:11  Widow Mine x2  
  121  8:12  Marauder  
  136  8:23  Barracks  
  136  8:24  Barracks  
  136  8:28  Marine  
  136  8:29  Marine  
  136  8:31  Supply Depot  
  136  8:32  Supply Depot  
  136  8:33  Supply Depot x2, Marauder  
  140  8:35  Supply Depot  
  140  8:36  Marine  
  140  8:45  Factory Tech Lab  
  140  8:47  Concussive Shells, Marine  
  141  8:52  Marine x2  
  141  8:53  Barracks, Widow Mine x2  
  141  8:54  Marine  
  141  8:55  Marauder  
  150  8:57  Supply Depot  
  150  8:59  Medivac  
  150  9:02  Medivac  
  154  9:14  Widow Mine x2  
  154  9:16  Marauder  
  160  9:28  Marine x2  
  160  9:29  Marine x5  
  160  9:30  Barracks Tech Lab x2  
  164  9:37  Command Center  
  164  9:38  Marauder  
  166  9:49  Marauder, Marine  
  166  9:52  Barracks Tech Lab  
  169  9:54  Siege Tank  
  169  9:57  Factory, Drilling Claws  
  169  9:59  Marauder, Marine  
  177  10:00  Marauder  
  177  10:03  Factory Tech Lab  
  177  10:20  Marauder  
  179  10:31  Marauder, Marine x5  
  179  10:32  Medivac  
  165  10:45  Medivac  
  165  10:48  Siege Tank x2  
  165  10:49  Marauder, Marine  
  172  10:50  Factory Tech Lab  
  166  11:02  Planetary Fortress  
  149  11:16  Siege Tank  
  149  11:18  Medivac x2  
  154  11:20  Siege Tank x2  
  160  11:26  Marauder, Marine x3  
  160  11:27  Marauder x2, Marine x5  
  160  11:28  Marine  
  173  11:38  SCV x2  
  175  11:44  Marine x5  
  180  11:47  Marauder, Marine x4  
  180  11:48  Medivac x2, Marine x2  
  180  11:49  Siege Tank  
  180  11:52  Siege Tank  
  194  12:02  Marine  
Show
View Real Time Build Order
Export as new Build Order

MaGeJiTerran Zerg 

Build Orders: Hatch First, Lurkers 

Get SALT Encoding   

  12  0:02  Drone  
  13  0:12  Overlord  
  13  0:16  Drone  
  14  0:30  Drone x2  
  16  0:48  Hatchery  
  15  0:52  Drone  
  16  1:04  Drone  
  16  1:05  Drone  
  16  1:10  Extractor  
  17  1:16  Spawning Pool  
  17  1:18  Drone  
  17  1:22  Drone  
  18  1:28  Drone  
  19  1:44  Drone  
  21  1:54  Drone  
  21  2:03  Zergling x4, Queen x2  
  27  2:12  Overlord  
  27  2:23  Hatchery  
  26  2:32  Drone x3  
  26  2:36  Metabolic Boost  
  28  2:43  Overlord  
  28  2:49  Drone x2  
  30  2:52  Drone  
  30  2:55  Drone  
  32  3:03  Queen  
  32  3:04  Drone  
  35  3:08  Overlord  
  35  3:15  Drone x2  
  35  3:19  Drone x3  
  40  3:22  Drone  
  40  3:26  Overlord  
  41  3:31  Drone  
  42  3:34  Queen  
  42  3:39  Queen  
  46  3:48  Spore Crawler, Drone x3  
  48  3:49  Drone  
  50  3:55  Zergling x4  
  50  3:56  Zergling x4  
  53  4:07  Zergling x4  
  53  4:08  Drone  
  53  4:09  Drone  
  57  4:13  Drone  
  57  4:14  Drone x4  
  57  4:17  Lair  
  61  4:23  Zergling x2  
  61  4:24  Zergling x2, Queen  
  63  4:26  Overlord  
  65  4:32  Overlord x2  
  65  4:38  Extractor  
  64  4:40  Drone  
  65  4:47  Overlord  
  65  4:50  Extractor x2  
  65  4:52  Spore Crawler  
  62  4:55  Spore Crawler  
  62  4:57  Drone x4  
  62  4:58  Evolution Chamber  
  62  4:59  Evolution Chamber  
  57  5:10  Drone  
  45  5:14  Drone  
  45  5:15  Drone x7  
  53  5:24  Baneling Nest  
  52  5:29  Drone x4  
  56  5:40  Drone  
  56  5:41  Drone x4  
  61  5:50  Drone x4  
  65  5:58  Drone x2  
  67  6:22  Centrifugal Hooks  
  67  6:23  Hatchery  
  67  6:24  Drone  
  67  6:25  Drone x2  
  69  6:26  Drone x3  
  69  6:27  Drone x2  
  69  6:28  Zergling x10  
  79  6:36  Overlord  
  79  6:37  Zergling x4, Baneling  
  79  6:38  Baneling x3  
  81  6:43  Hatchery  
  80  6:47  Drone x2, Extractor  
  80  6:49  Extractor, Overlord x3  
  80  6:50  Overlord  
  80  6:55  Zergling x8  
  80  6:56  Hydralisk Den, Baneling x2  
  83  7:05  Zerg Melee Weapons Level 1  
  83  7:12  Zergling x12  
  89  7:20  Zergling x6  
  89  7:21  Zergling x2  
  93  7:26  Zergling x6, Overlord  
  93  7:28  Grooved Spines  
  96  7:31  Overlord  
  96  7:33  Zergling x2  
  97  7:41  Drone x2  
  96  7:47  Drone x2  
  96  7:48  Drone x2  
  96  7:49  Drone x2  
  96  7:50  Drone  
  89  7:59  Zergling x2  
  89  8:00  Zergling x12  
  96  8:08  Baneling x5, Queen  
  96  8:11  Drone x6  
  96  8:12  Drone  
  105  8:13  Baneling x3  
  105  8:26  Zergling x4  
  107  8:28  Drone x5, Hatchery  
  107  8:33  Zerg Ground Armor Level 1  
  111  8:35  Zergling x2, Hydralisk  
  111  8:36  Hydralisk  
  111  8:39  Muscular Augments  
  114  8:49  Spore Crawler, Hydralisk x7  
  127  8:58  Hatchery  
  127  8:59  Baneling  
  127  9:00  Spore Crawler x2, Baneling x3, Hydralisk x3  
  127  9:02  Spore Crawler  
  129  9:03  Spore Crawler  
  129  9:04  Lurker Den  
  129  9:06  Infestation Pit  
  129  9:08  Overseer  
  129  9:09  Overseer  
  126  9:12  Hydralisk x3  
  126  9:14  Overlord  
  132  9:18  Overlord  
  132  9:19  Pneumatized Carapace  
  132  9:29  Overlord  
  132  9:30  Overlord  
  131  9:43  Drone  
  131  9:44  Drone  
  129  9:58  Zergling x4  
  129  9:59  Zergling x8  
  135  10:08  Hydralisk x4  
  135  10:10  Zergling x22  
  135  10:11  Zergling x30  
  135  10:12  Overlord  
  169  10:16  Zerg Melee Weapons Level 2  
  169  10:18  Hive  
  147  10:36  Zergling x2  
  147  10:37  Zergling x20  
  147  10:41  Hydralisk x3  
  154  10:44  Extractor  
  154  10:45  Drone  
  154  10:46  Overlord  
  138  10:59  Lurker  
  138  11:01  Baneling  
  138  11:02  Baneling x9  
  135  11:05  Drone x3  
  135  11:06  Drone x6  
  144  11:11  Drone x2  
  144  11:12  Drone  
  144  11:13  Drone x2, Extractor  
  144  11:14  Drone x4  
  144  11:15  Hydralisk x2  
  144  11:17  Baneling x2  
  156  11:20  Overseer  
  156  11:30  Seismic Spines  
  156  11:36  Lurker x3  
  156  11:37  Overlord  
  159  11:42  Extractor  
  159  11:43  Extractor  
  154  11:50  Drone x3  
  152  12:02  Baneling x2  
  152  12:03  Baneling x8  
  121  12:18  Zergling x2  
  121  12:19  Zergling x24  
Tags
 
Add a new tag
Caveats
  • Supply blocks, unpowered buildings, or Contaminate may cause inaccurate times.
  • Supply counts are checked every 10 seconds.